 Dungeon Crawl Stone Soup version 0.30.0-13-g156ef70053 (webtiles) character file.

Game seed: 12705044904672652592

3 browni3141 the Firebug (level 1, 0/13 HPs)
             Began as a Demonspawn Fire Elementalist on May 17, 2023.
             Slain by a quokka (1 damage)
             ... on level 1 of the Dungeon.
             The game lasted 00:00:19 (236 turns).

browni3141 the Firebug (DsFE)                        Turns: 236, Time: 00:00:20

Health: 0/13       AC:  2    Str:  8    XL:     1   Next: 41%
Magic:  0/3        EV: 12    Int: 16    God:
Gold:   18         SH:  0    Dex: 13    Spells: 3/4 levels left

rFire   . . .        o - +0 club
rCold   . . .        (no shield)
rNeg    . . .        a - +0 robe
rPois   .            (no helmet)
rElec   .            (no cloak)
rCorr   .            (no gloves)
SInv    .            (no boots)
Will    .....        (no amulet)
Stlth   ++           (no ring)
HPRegen 0.22/turn    (no ring)
MPRegen 0.08/turn

%: no passive effects
@: no status effects
A: no striking features
a: no special abilities


You were on level 1 of the Dungeon.
You visited 1 branch of the dungeon, and saw 1 of its levels.

You collected 18 gold pieces.

Inventory:

Hand Weapons
 o - a +0 club (weapon)
Armour
 a - a +0 robe (worn)
Scrolls
 n - 2 scrolls of identify {unknown}
Potions
 m - a potion of magic


   Skills:
 + Level 1.8 Dodging
 + Level 1.8 Stealth
 + Level 2.0 Spellcasting
 + Level 1.1 Conjurations
 + Level 2.7 Fire Magic


You had 3 spell levels left.
You knew the following spells:

 Your Spells              Type           Power      Damage    Failure   Level
z - Foxfire               Conj/Fire      28%        2x1d5     10%         1

Your spell library contained the following spells:

 Spells                   Type           Power      Damage    Failure   Level
 Scorch                   Fire           20%        2d5       10%         2
 Inner Flame              Hex/Fire       6%         N/A       34%         3
 Volatile Blastmotes      Fire/Tloc      12%        2d11      34%         3
 Flame Wave               Conj/Fire      7%         2d5       67%         4


Dungeon Overview and Level Annotations

Branches:
Dungeon (1/15)

Altars:


Message History

The quokka is almost dead.
A quokka is nearby!
A quokka is nearby!
A quokka is nearby!
A quokka is nearby!
You are out of magic!
You are out of magic!
You closely miss the quokka.
The quokka is almost dead.
The quokka bites you.
You hit the quokka but do no damage.
The quokka is almost dead.
The quokka closely misses you.
You closely miss the quokka.
The quokka is almost dead.
The quokka bites you. The quokka barely misses you.
You barely miss the quokka.
The quokka is almost dead.
The quokka misses you.
You completely miss the quokka.
The quokka is almost dead.
The quokka closely misses you.
You closely miss the quokka.
The quokka is almost dead.
The quokka bites you.
* * * LOW HITPOINT WARNING * * *
You completely miss the quokka.
The quokka is severely wounded.
The quokka closely misses you.
You barely miss the quokka.
The quokka is severely wounded.
The quokka closely misses you. The quokka misses you.
You miss the quokka.
The quokka is severely wounded.
The quokka bites you but does no damage.
Casting: Foxfire (safe; 10% risk of failure)
Press: ? - help, Q - select action Dir - look around, f - activate You conjure some foxfire!
The quokka bites you.
* * * LOW HITPOINT WARNING * * *
The foxfire hits the quokka.
You kill the quokka!
HP restored.
A quokka comes into view.
A quokka is nearby!
A quokka is nearby!
A quokka is nearby!
A quokka is nearby!
You miscast Foxfire.
You are very lightly contaminated with residual magic.
Nothing appears to happen.
You conjure some foxfire!
You conjure some foxfire!
You are out of magic!
Your foxfire dissipates!
The foxfire hits the quokka.
The quokka is severely wounded.
Your foxfire dissipates!
You are out of magic!
Your magical contamination has completely faded away.
You see here a +0 club.
o - a +0 club (weapon)
There is an open door here.
You miscast Foxfire.
You are very lightly contaminated with residual magic.
Nothing appears to happen.
The quokka bites you.
You closely miss the quokka.
The quokka is severely wounded.
The quokka bites you.
You hit the quokka.
The quokka is almost dead.
The quokka bites you.
* * * LOW HITPOINT WARNING * * *
The quokka bites you but does no damage.
You hit the quokka but do no damage.
The quokka is severely wounded.
The quokka barely misses you.
You barely miss the quokka.
The quokka is severely wounded.
The quokka bites you.
* * * LOW HITPOINT WARNING * * *
The quokka bites you.
* * * LOW HITPOINT WARNING * * *
You barely miss the quokka.
The quokka is severely wounded.
The quokka closely misses you.
Your magical contamination has completely faded away.
You closely miss the quokka.
The quokka is severely wounded.
The quokka bites you but does no damage.
The quokka barely misses you.
You closely miss the quokka.
The quokka is severely wounded.
The quokka closely misses you. The quokka bites you.
* * * LOW HITPOINT WARNING * * *
Casting: Foxfire (safe; 10% risk of failure)
Press: ? - help, Q - select action Dir - look around, f - activate You conjure some foxfire!
The quokka bites you.
You die...

# # ##+# .#? ##...## #.#
##.....## ### #.#
##.......## ##.###.####.#
#.........####...........#
+.......v@r...............
#.......v.####...##.###...
#.......## ##..##.# ##
##.....## #......#
##....## #.#.#### ##+#..#
#.#.# ##.## #####
###...### ####...#...####


You could see a quokka (ally target).

Vanquished Creatures
  A goblin (D:1)
  A quokka (D:1)
  A bat (D:1)
3 creatures vanquished.

Vanquished Creatures (others)
  19 foxfires (D:1)
19 creatures vanquished.

Grand Total: 22 creatures vanquished

Notes
Turn   | Place    | Note
-------+----------+-------------------------------------------
     0 | D:1      | browni3141 the Demonspawn Fire Elementalist began the quest
                  | for the Orb.
     0 | D:1      | Reached XP level 1. HP: 13/13 MP: 3/3
   236 | D:1      | Slain by a quokka

Illustrated notes

Levels and vault maps discovered:
D:1:      minmay_arrival_split_and_join, layout_loops_corners, kennysheep_boxes

Action                     || total
---------------------------++-------
  Melee: Unarmed           ||     9
         Club              ||     7
   Cast: Foxfire           ||    13
 Armour: Robe              ||     3
  Dodge: Dodged            ||    11
